 Dungeon Crawl Stone Soup version 0.28-a0-622-gbaef9634d7 (webtiles) character file.

Game seed: 17700131598653200256

43408 lunkers the Eclecticist (level 14, -20/112 HPs)
             Began as a Djinni Cinder Acolyte on Oct 7, 2021.
             Was a High Priest of Ignis.
             Demolished by Rupert (34 damage)
             ... on level 4 of the Lair of Beasts.
             The game lasted 00:35:53 (22900 turns).

lunkers the Eclecticist (Djinni Cinder Acolyte)    Turns: 22900, Time: 00:35:54

Health: -20/112    AC: 11    Str: 13    XL:     14   Next: 60%
Gold:   912        EV: 10    Int: 26    God:    Ignis [*****.] SH:  5 Dex: 10

rFire   + + .      SeeInvis .   a - +0 short sword (flame)
rCold   . . .      Faith    .   (no shield)
rNeg    . . .      Spirit   .   P - +3 troll leather armour {Snorg}
rPois   ∞          Reflect  +   p - +2 hat
rElec   .          Harm     .   B - +0 cloak
rCorr   .          Rampage  .   q - +0 pair of gloves
Will    +....                   (boots unavailable)
Stlth   +.........              b - amulet of reflection
HPRegen 1.28/turn               d - +6 ring of intelligence
MPRegen 0.00/turn               r - ring of ice

@: about to teleport, flying
A: sickness immunity, fire resistance 2, cold vulnerability 1, float, innate
caster, hp casting, extra vitality 1
a: Renounce Religion, Sea of Fire, Foxfire Swarm, Rising Flame


You were on level 4 of the Lair of Beasts.
You worshipped Ignis.
Ignis was extremely pleased with you.
You visited 2 branches of the dungeon, and saw 14 of its levels.
You also visited: Bailey.

You collected 1087 gold pieces.
You spent 175 gold pieces at shops.

Inventory:

Hand Weapons
 a - a +0 short sword of flaming (weapon)
 c - the +3 quarterstaff "Poptedyr" {vorpal, rPois Str+4 Int+2 Dex-5}
   (You took it off a kobold on level 4 of the Dungeon)

   It inflicts extra damage upon your enemies.
   Str:       It affects your strength (+4).
   Int:       It affects your intelligence (+2).
   Dex:       It affects your dexterity (-5).
   rPois:     It protects you from poison.
Missiles
 w - 5 throwing nets
Armour
 p - a +2 hat (worn)
 q - a +0 pair of gloves (worn)
 B - a +0 cloak (worn)
 F - +0 acid dragon scales
 K - a +2 robe of fire resistance
 P - a +3 troll leather armour (worn) {Snorg}
Jewellery
 b - an amulet of reflection (around neck)
 d - a +6 ring of intelligence (left hand)
 r - a ring of ice (right hand)
 s - a ring of protection from fire
 y - a ring of ice
Wands
 k - a wand of acid (32)
 E - a wand of polymorph (5)
 I - a wand of iceblast (21)
Scrolls
 f - 4 scrolls of teleportation
 h - 2 scrolls of fog
 i - 2 scrolls of identify
 j - 2 scrolls of summoning
 l - 8 scrolls of enchant armour
 o - 5 scrolls of enchant weapon
 u - 3 scrolls of fear
 D - 2 scrolls of noise
 G - a scroll of acquirement
 J - 2 scrolls of torment {unknown}
 L - a scroll of silence {unknown}
 M - 3 scrolls of blinking {unknown}
 O - a scroll of immolation {unknown}
Potions
 e - 2 potions of might
 g - 2 potions of cancellation
 m - 3 potions of brilliance
 n - 2 potions of lignification {unknown}
 t - 7 potions of curing
 v - 2 potions of haste {unknown}
 x - 2 potions of attraction {unknown}
 z - 5 potions of magic {unknown}
 A - a potion of invisibility {unknown}
 C - 5 potions of heal wounds {unknown}
 H - 2 potions of berserk rage {unknown}
 N - a potion of ambrosia {unknown}


   Skills:
 + Level 14.6 Fighting
 - Level 2.6 Short Blades
 * Level 15.7 Spellcasting


You had 25 spell levels left.
You knew the following spells:

 Your Spells              Type           Power      Damage    Failure   Level
a - Airstrike             Air            40%        N/A       1%          4
b - Animate Skeleton      Necr           100%       N/A       0%          1
c - Static Discharge      Conj/Air       80%        N/A       0%          2
d - Ensorcelled Hibernat  Hex/Ice        100%       N/A       0%          2
e - Frozen Ramparts       Ice            100%       1d12      0%          3
f - Alistair's Intoxicat  Tmut/Pois      53%        N/A       1%          5
p - Scorch                Fire           100%       2d10      0%          2
Your spell library was empty.

Dungeon Overview and Level Annotations

Branches:
Dungeon (9/15)             Temple (0/1) D:7            Lair (5/6) D:9
 Shoals (0/4) Lair:3       Spider (0/4) Lair:4        Slime (0/5) Lair:5
    Orc (0/2) D:9          Bailey (visited)

Altars:
Cheibriados
Fedhas
Gozag
Hepliaklqana
Trog
Uskayaw
Vehumet
The Shining One

Shops:
D:1 *   D:4 [([?*   D:8 ?

Annotations:
D:4 2 runed translucent doors, mdk's ghost, amateur GnBr
D:5 3 runed translucent doors, AttackTheMoon's ghost, novice HOMo
Lair:2 1 runed translucent door, porpoise's ghost, adept DECj
Lair:3 1 runed translucent door
Lair:4 Rupert
Lair:5 3 runed translucent doors, lunkers's ghost, journeyman TrCA


Innate Abilities, Weirdness & Mutations

You are immune to sickness and miasma.
You are immune to poison.
Your flesh is very heat resistant. (rF++)
You are vulnerable to cold. (rC-)
You float through the air rather than walking.
You learn spells naturally, not from books.
Your magical power is your life essence.
You have superior vitality. (+4 HP)


Message History

Rupert is moderately wounded.
Casting: Airstrike (safe; 1% risk of failure)
Confirm with . or Enter, or press ? or * to list all spells.
The air twists around and strikes Rupert!!
Rupert is moderately wounded.
Rupert roars madly and goes into a rage!
Rupert goes berserk!
Casting: Airstrike (safe; 1% risk of failure)
Confirm with . or Enter, or press ? or * to list all spells.
The air twists around and strikes Rupert!
Rupert is heavily wounded.
Rupert closely misses you.
Casting: Airstrike (safe; 1% risk of failure)
Confirm with . or Enter, or press ? or * to list all spells.
The air twists around and strikes Rupert!
Rupert is heavily wounded.
Rupert hits you with a +2 great mace of protection!
Casting: Airstrike (safe; 1% risk of failure)
Confirm with . or Enter, or press ? or * to list all spells.
The air twists around and strikes Rupert!
Rupert is severely wounded.
Rupert hits you with a +2 great mace of protection!
Rupert hits you with a +2 great mace of protection!!
* * * LOW HITPOINT WARNING * * *
Unknown command.
Casting: Airstrike (safe; 1% risk of failure)
Confirm with . or Enter, or press ? or * to list all spells.
Aiming: Airstrike (safe; 1% risk of failure)
Press: ? - help, Dir - move target, f/p - Rupert
Aim: Rupert, wielding a +2 great mace of protection and wearing a +0 scale mail (severely wounded, berserk, empty space bonus: 7/8)
The air twists around and strikes Rupert!
Rupert is severely wounded.
* * * LOW HITPOINT WARNING * * *
Rupert hits you with a +2 great mace of protection!!
* * * LOW HITPOINT WARNING * * *
Unknown command.
As you read the scroll of teleportation, it crumbles to dust.
You feel strangely unstable. You block Rupert's attack.
Rupert hits you with a +2 great mace of protection!!
You die...

### ####.........P......######
## ##...#.................#..#
.#####......#..................#
...............................#
...............................#
.........##..........>.........#
.........#.........#...........#
...............................#
................@..............#
...............@...............#
#.###..........................#
.## ###.#...............#......#
.### ####..>......##.#..#....##
...## #...........P#####P##.###
....# #...........## ######
....###.........###
...............##


You could see Rupert (berserk).

Vanquished Creatures
  Snorg (Lair:5)
  4 hydras
  2 boulder beetles
  A two-headed ogre (D:8)
  Urug (Lair:3)
  Nergalle (Lair:3)
  Pikel (D:5)
  5 orc knights (Bailey)
  A cyclops (D:8)
  2 elephants (Lair:5)
  11 cane toads
  A torpor snail (Lair:4)
  4 black mambas
  3 rime drakes (Lair:2)
  6 komodo dragons
  2 polar bears
  2 trolls (D:9)
  9 blink frogs
  A hornet (D:9)
  Prince Ribbit (D:9)
  Sigmund (D:4)
  A redback (Lair:4)
  39 yaks
  3 basilisks
  6 wyverns
  3 wargs (D:9)
  An acid dragon (D:8)
  13 water moccasins
  2 black bears
  3 ice beasts
  16 orc warriors
  A sky beast (D:6)
  2 necrophages
  14 wolves
  3 centaurs
  A phantom (D:4)
  A lemure (D:5)
  8 bullfrogs
  2 gnoll sergeants
  2 scorpions
  A wyvern skeleton (D:7)
  A water moccasin skeleton (D:7)
  6 killer bees (D:9)
  5 wights (D:8)
  3 howler monkeys
  8 orc priests
  5 hounds
  3 jellies
  A bullfrog skeleton (D:5)
  3 centaur zombies
  A gnoll shaman (D:8)
  Crazy Yiuf (D:7)
  An iguana (D:5)
  Terence (D:2)
  12 orc wizards
  A killer bee zombie (D:8)
  A howler monkey zombie (D:9)
  Robin (D:2)
  12 gnolls
  5 adders
  3 white imps
  2 ufetubi
  An adder skeleton (D:4)
  An adder zombie (D:5)
  3 dart slugs
  57 orcs
  6 endoplasms
  4 giant cockroaches
  15 goblins
  8 hobgoblins
  10 jackals
  2 quokkas
  6 ball pythons
  7 bats
  2 frilled lizards
  8 kobolds
  11 rats
399 creatures vanquished.

Vanquished Creatures (others)
  32 fungi
  36 plants
68 creatures vanquished.

Grand Total: 467 creatures vanquished

Notes
Turn   | Place    | Note
-------+----------+-------------------------------------------
     0 | D:1      | lunkers the Djinni Cinder Acolyte began the quest for the
                  | Orb.
     0 | D:1      | Reached XP level 1. HP: 20/20 MP: 0/0
   264 | D:1      | Reached XP level 2. HP: 23/25 MP: 0/0
   581 | D:1      | Found Asuywunt's General Store.
   833 | D:1      | Reached XP level 3. HP: 23/30 MP: 0/0
   833 | D:1      | Learned a level 1 spell: Animate Skeleton
   836 | D:1      | Reached skill level 3 in Spellcasting
  1601 | D:1      | Found a faded altar of an unknown god.
  1874 | D:2      | Reached XP level 4. HP: 18/35 MP: 0/0
  2757 | D:3      | Noticed Robin
  2757 | D:3      | Found a hazy altar of Hepliaklqana.
  2886 | D:3      | Noticed a scorpion
  3040 | D:2      | Killed Robin
  3171 | D:3      | Killed a scorpion
  3172 | D:3      | Reached skill level 4 in Spellcasting
  3172 | D:3      | Reached XP level 5. HP: 22/41 MP: 0/0
  3172 | D:3      | Learned a level 2 spell: Ensorcelled Hibernation
  3190 | D:3      | Noticed Terence
  3211 | D:2      | Killed Terence
  3624 | D:3      | Reached XP level 6. HP: 43/47 MP: 0/0
  3696 | D:3      | Found an opulent altar of Gozag.
  4371 | D:4      | Found Love's Antique Armour Shoppe.
  4535 | D:4      | Reached XP level 7. HP: 51/53 MP: 0/0
  4535 | D:4      | Learned a level 2 spell: Static Discharge
  4645 | D:4      | Found Vaech's Assorted Antiques.
  4669 | D:4      | Found Pyel's Antique Armour Shop.
  4677 | D:4      | Reached skill level 5 in Spellcasting
  4679 | D:4      | Bought an embroidered hat for 175 gold pieces
  4939 | D:4      | Reached skill level 5 in Fighting
  5028 | D:4      | Found Siqix's Magic Scroll Shoppe.
  5160 | D:4      | Identified the +3 quarterstaff "Poptedyr" {vorpal, rPois
                  | Str+4 Int+2 Dex-5}
  5343 | D:4      | Found Qauwackuih's Antique Weapon Boutique.
  5512 | D:4      | Noticed Sigmund
  5532 | D:4      | Killed Sigmund
  5533 | D:4      | Reached XP level 8. HP: 51/61 MP: 0/0
  5595 | D:4      | Found a large runed translucent door.
  5595 | D:4      | Found a large runed translucent door.
  5597 | D:4      | Noticed mdk's ghost (amateur GnBr)
  5606 | D:4      | Found a hide-covered altar of Uskayaw.
  6039 | D:5      | Entered Level 5 of the Dungeon
  6071 | D:5      | Reached skill level 6 in Spellcasting
  6433 | D:5      | Noticed a two-headed ogre
  6436 | D:5      | Noticed AttackTheMoon's ghost (novice HOMo)
  6447 | D:5      | Found a runed translucent gate.
  6447 | D:5      | Found a runed translucent gate.
  6447 | D:5      | Found a runed translucent gate.
  6573 | D:5      | Noticed Pikel
  6595 | D:5      | Killed Pikel
  6596 | D:5      | Reached skill level 7 in Spellcasting
  6596 | D:5      | Reached XP level 9. HP: 25/68 MP: 0/0
  6596 | D:5      | Learned a level 3 spell: Frozen Ramparts
  7847 | D:7      | Reached skill level 8 in Spellcasting
  8086 | D:7      | Found a staircase to the Ecumenical Temple.
  8089 | D:7      | Found a flagged portal.
  8102 | Bailey   | Entered a bailey
  8336 | Bailey   | Reached XP level 10. HP: 47/76 MP: 0/0
  8583 | Bailey   | Reached skill level 10 in Fighting
  8583 | Bailey   | Reached skill level 11 in Spellcasting
  8583 | Bailey   | Reached XP level 11. HP: 86/86 MP: 0/0
  8583 | Bailey   | Learned a level 4 spell: Airstrike
  8584 | Bailey   | Reached skill level 12 in Spellcasting
  8584 | Bailey   | Reached XP level 12. HP: 94/94 MP: 0/0
  9608 | D:7      | Found a bloodstained altar of Trog.
  9859 | D:7      | Found a glowing golden altar of the Shining One.
  9859 | D:7      | Found a blossoming altar of Fedhas.
 10142 | D:7      | Found a runed translucent door.
 10143 | D:7      | Noticed Crazy Yiuf
 10328 | D:7      | Killed Crazy Yiuf
 10754 | D:8      | Reached skill level 13 in Spellcasting
 11084 | D:8      | Found Astry's Magic Scroll Shoppe.
 11671 | D:8      | Noticed a two-headed ogre
 11675 | D:8      | Killed a two-headed ogre
 12046 | D:8      | Found a snail-covered altar of Cheibriados.
 12911 | D:9      | Found a staircase to the Lair.
 13252 | D:9      | Found a staircase to the Orcish Mines.
 13531 | D:9      | Reached XP level 13. HP: 99/102 MP: 0/0
 13531 | D:9      | Learned a level 5 spell: Alistair's Intoxication
 13643 | D:9      | Noticed Prince Ribbit
 13646 | D:9      | Killed Prince Ribbit
 14157 | Lair:1   | Entered Level 1 of the Lair of Beasts
 14881 | Lair:1   | Reached skill level 14 in Spellcasting
 17324 | Lair:2   | Noticed a six-headed hydra
 17329 | Lair:2   | Killed a six-headed hydra
 17534 | Lair:2   | Found a runed translucent door.
 17536 | Lair:2   | Identified the +4 trident "Jieneiru" {vorpal, rF- Str+5
                  | SInv}
 17536 | Lair:2   | Noticed porpoise's ghost (adept DECj)
 18044 | Lair:2   | Identified a scroll of acquirement
 18163 | Lair:3   | Noticed Nergalle
 18174 | Lair:3   | Killed Nergalle
 18489 | Lair:3   | Found a staircase to the Shoals.
 18503 | Lair:3   | Noticed a five-headed hydra
 18511 | Lair:3   | Killed a five-headed hydra
 18677 | Lair:3   | Noticed a boulder beetle
 18687 | Lair:3   | Killed a boulder beetle
 18773 | Lair:3   | Found a runed translucent door.
 19091 | Lair:3   | Noticed Urug
 19097 | Lair:3   | Killed Urug
 19098 | Lair:3   | Reached XP level 14. HP: 96/111 MP: 0/0
 19751 | Lair:4   | Found a hole to the Spider Nest.
 19763 | Lair:4   | Reached skill level 15 in Spellcasting
 20341 | Lair:4   | HP: 2/112 [boulder beetle (8)]
 22310 | Lair:5   | Found a staircase to the Slime Pits.
 22333 | Lair:5   | Found a runed translucent gate.
 22333 | Lair:5   | Found a runed translucent gate.
 22333 | Lair:5   | Found a runed translucent gate.
 22338 | Lair:5   | Noticed lunkers's ghost (journeyman TrCA)
 22351 | Lair:5   | Noticed Snorg
 22358 | Lair:5   | Killed Snorg
 22682 | Lair:5   | Noticed Rupert
 22814 | Lair:5   | Paralysed by Rupert for 3 turns
 22900 | Lair:4   | Demolished by Rupert

Illustrated notes

Levels and vault maps discovered:
D:1:      lemuel_arrival_behind_the_door_large, layout_basic,
          hellmonk_ecumenical_altar_lost_god, serial_shops, shop_coins,
          hangedman_decor_clover_reticule, st_stairs_14, chequers_jeans
D:2:      layout_basic
D:3:      layout_basic, marbit_many_paths, nicolae_hepliaklqana_hazy_memory,
          serial_bayou_crossing, uniq_robin, uniq_terence
D:4:      layout_loops_cross, nicolae_uskayaw_suspiria, serial_shops,
          kennysheep_mini_moat, shop, nicolae_inconvenience_store, shop, shop,
          ebering_ghost_disaster_area, uniq_sigmund
D:5:      layout_basic, gammafunk_ghost_split, uniq_pikel
D:6:      layout_rooms
D:7:      layout_basic, vehumet_crystals, mainiacjoe_overflow_24_doors,
          gammafunk_temple_overflow_pools, minmay_temple_entry_purple_smoke,
          enter_bailey_2, uniq_crazy_yiuf_cottage
D:8:      layout_rooms, kennysheep_mini, serial_shops, shop,
          minmay_alternating_orb
D:9:      layout_roguey, minmay_lair_entry_grove, minmay_orc_entry_guard_dogs,
          serial_glass, glass_columns_b, glass_columns_a, uniq_prince_ribbit1
Lair:1:   layout_misc_corridors, minivault_24, columned_hall_lemuel,
          beast_lair_carwin_9, serial_bayou_shore_b, grunt_megastairs_3
Lair:2:   layout_layer_cave, ebering_ghost_funeral_grove, minmay_holes,
          grunt_megastairs_2
Lair:3:   layout_gridlike, shoals_dummy_entry, serial_rivers,
          chequers_serial_rivers_micro_a, chequers_serial_rivers_small_3,
          chequers_serial_rivers_micro_d, chequers_serial_rivers_micro_a,
          pf_torpor_hydra, uniq_urug, uniq_nergalle
Lair:4:   layout_hall_layers, spider_nest_entry_a
Lair:5:   layout_long_grid, slime_dummy, gammafunk_ghost_necromancy, uniq_snorg,
          uniq_rupert

Skill      XL: |  1  2  3  4  5  6  7  8  9 10 11 12 13 14 |
---------------+-------------------------------------------+-----
Spellcasting   | 3 4 5 7 8 11 12 13 14 15 | 15.7
Fighting       | 4 5 7 8 10 11 12 13 14 | 14.6
Short Blades   | |  2.6

Action                   |  1- 3 |  4- 6 |  7- 9 | 10-12 | 13-15 || total
-------------------------+-------+-------+-------+-------+-------++-------
Melee: Short sword       |    27 |     1 |     1 |     3 |     2 ||    34
 Cast: Scorch            |    42 |    84 |   125 |     5 |       ||   256
       Frozen Ramparts   |       |       |     2 |     8 |    11 ||    21
       Airstrike         |       |       |       |   174 |   300 ||   474
       Static Discharge  |       |       |       |     3 |    29 ||    32
Evoke: Wand              |       |       |     6 |       |     1 ||     7
  Use: Scroll            |       |     1 |     3 |     3 |     8 ||    15
       Potion            |       |       |       |     2 |       ||     2
Armor: Robe              |     9 |     6 |    12 |       |       ||    27
       Acid dragon scale |       |       |       |    14 |    25 ||    39
       Troll leather arm |       |       |       |       |    10 ||    10
Dodge: Dodged            |    34 |    23 |    35 |    16 |    59 ||   167
Block: Other             |       |       |       |       |    16 ||    16

Table legend: (Time is in decaauts)
 A = Elapsed time spent in this place.
 B = Non-inter-level travel time spent in this place.
 C = Inter-level travel time spent in this place.
 D = Time resting spent in this place.
 E = Time spent auto-exploring this place.
 F = Levels seen in this place.
 G = Mean time per level.
                   A        B        C        D        E       F      G
               +--------+--------+--------+--------+--------+-----+--------+
         Total |  22907 |  22580 |    327 |   3070 |  17280 |  15 | 1527.1 |
       Dungeon |  12704 |  12441 |    263 |   1568 |   9641 |   9 | 1411.6 |
          Lair |   8747 |   8683 |     64 |    469 |   7415 |   5 | 1749.4 |
        Bailey |   1454 |   1454 |      0 |   1033 |    224 |   1 | 1454.0 |
               +--------+--------+--------+--------+--------+-----+--------+

Top non-repeatable levels by time:
  Lair:4: 2425 daAuts
  Lair:2: 2198 daAuts
  Lair:3: 1933 daAuts
     D:9: 1863 daAuts
     D:4: 1808 daAuts
     D:1: 1764 daAuts
  Lair:1: 1711 daAuts
     D:2: 1699 daAuts
     D:8: 1523 daAuts
  Bailey: 1454 daAuts
     D:7: 1281 daAuts
     D:5: 1268 daAuts
     D:3: 767 daAuts
     D:6: 727 daAuts
  Lair:5: 478 daAuts
